AoeStats
← Zen_GSK

Northern Isles

510635635Analyzed
1v1 RM · 12h ago on Oct 1, 2026· 42m 38s· 2 players
Game mode
Random Map
Map size
Tiny (2 player)
Population
200
Speed
Normal
Resources
Standard
Victory
Conquest
Starting age
Dark Age
Ending age
Imperial Age
RankedLock teamsTeams togetherTeam positionsShared explorationLock speedFull tech treeHidden civsTurbo modeCheats
Victory
Defeat
🇮🇳 Ethiopians · India
504
+17
🇺🇸 Vikings · United States
519
-17
Zen_GSK
12:48 Feudal Age
16:45 Wheelbarrow
22:04 Castle Age
23:17 Fletching
23:27 Padded Archer Armor
24:23 Town Watch
24:56 Hand Cart
26:40 Bodkin Arrow
27:00 Leather Archer Armor
26:52 Town Patrol
26:34 Horse Collar
29:36 Medium Warships
33:28 Forging
33:24 Scale Barding Armor
33:37 Gold Mining
37:08 Imperial Age
34:27 Loom
34:43 Murder Holes
35:14 Heavy Plow
35:41 Ballistics
35:10 Double-Bit Axe
36:07 Gold Shaft Mining
37:01 Thumb Ring
37:09 Husbandry
37:19 Capped Ram
37:32 Crossbowman
38:32 Fishing Lines
39:46 Scale Mail Armor
40:22 Iron Casting
40:08 Chain Barding Armor
41:53 Royal Heirs
briandwjohnson
2:32 Loom
12:14 Feudal Age
14:35 Horse Collar
14:44 Double-Bit Axe
14:43 Man-at-Arms
15:09 Arson
17:01 Scale Mail Armor
17:12 Forging
22:34 Stone Mining
22:35 Gold Mining
26:06 Town Watch
28:22 Castle Age
31:26 Gold Shaft Mining
30:57 Heavy Plow
36:39 Imperial Age
35:34 Bow Saw
37:41 Elite Berserk
38:59 Chain Mail Armor
40:48 Hoardings
41:20 Iron Casting
40:37 Elite Skirmisher
Connection lost

Rejoining the realm…

Still unreachable

The connection could not be restored.

Session expired

The server has moved on; the page needs a fresh start.